 Dungeon Crawl Stone Soup version 0.27-a0-1548-gf8a67e7463 (webtiles) character file.

Game seed: 9900138384646113089

112 BorisBritva the Cudgeller (level 4, 0/29 HPs)
             Began as a Gargoyle Monk on July 13, 2021.
             Was a Believer of Cheibriados.
             Killed by divine providence
             ... invoked by an orc priest
              (10 damage)
             ... on level 6 of the Dungeon.
             The game lasted 00:04:58 (1821 turns).

BorisBritva the Cudgeller (Gargoyle Monk)           Turns: 1821, Time: 00:04:58

Health: 0/29       AC:  9    Str: 19    XL:     4   Next: 95%
Magic:  4/4        EV: 11    Int: 15    God:    Cheibriados [**....]
Gold:   98         SH:  0    Dex: 16    Spells: 3/3 levels left

rFire    . . .     SeeInvis .   a - +0 mace
rCold    + . .     Faith    .   (no shield)
rNeg     + . .     Spirit   .   i - +0 ring mail
rPois    ∞         Reflect  .   (no helmet)
rElec    +         Harm     .   (no cloak)
rCorr    .         Rampage  .   (no gloves)
Will     .....                  (no boots)
Stlth    +.........             (no amulet)
HPRegen  0.09/turn              c - ring of protection from cold
MPRegen  0.09/turn              (no ring)

@: very slow
A: sickness immunity, AC +3, negative energy resistance 1, electricity
resistance, torment resistance 1, petrification resistance
a: Renounce Religion, Bend Time


You were on level 6 of the Dungeon.
You worshipped Cheibriados.
Cheibriados was pleased with you.
You visited 1 branch of the dungeon, and saw 4 of its levels.

You collected 98 gold pieces.

Inventory:

Hand Weapons
 a - a +0 mace (weapon)
Armour
 i - a +0 ring mail (worn)
Jewellery
 c - a ring of protection from cold (left hand)
 j - a ring of poison resistance
Scrolls
 d - a scroll of teleportation {unknown}
 f - a scroll of identify {unknown}
 k - a scroll of brand weapon {unknown}
 l - a scroll of magic mapping {unknown}
Potions
 b - a potion of degeneration {unknown}
 e - a potion of heal wounds {unknown}
 g - 2 potions of curing {unknown}
 h - 2 potions of lignification {unknown}


   Skills:
 + Level 4.0 Fighting
 + Level 4.3 Maces & Flails
 * Level 1.9 Armour
 - Level 2.4 Dodging
 - Level 2.1 Stealth
 * Level 1.1 Invocations


You had 3 spell levels left.
You didn't know any spells.
Your spell library was empty.

Dungeon Overview and Level Annotations

Branches:
Dungeon (6/15)
 Temple: D:4-7

Altars:
Cheibriados


Innate Abilities, Weirdness & Mutations

You are immune to sickness and miasma.
Your stone body is resilient. (AC +3)
You are immune to poison.
You resist negative energy. (rN+)
You are resistant to electric shocks. (rElec)
You are resistant to unholy torment.
You are immune to petrification.


Message History

The bullfrog hits you but does no damage. x2
You sock the bullfrog!
The bullfrog is almost dead.
The bullfrog misses you. The bullfrog closely misses you.
You sock the bullfrog!
You kill the bullfrog!
Cheibriados thoroughly appreciates the change of pace.
Your Fighting skill increases to level 4!
Your Maces & Flails skill increases to level 4!
Your Invocations skill increases to level 1!
You have reached level 4!
You feel clever.
l - a scroll labelled ROXTUFUCUU
Found 9 gold pieces.
A jelly comes into view.
The jelly quivers.
You see here 15 gold pieces.
An orc warrior comes into view. It is wielding a +0 scimitar.
Found a hunting sling.
Found a stone staircase leading down.
You hit the jelly.
Your hands burn!
The jelly is lightly wounded.
The orc warrior shouts!
You hear a shout!
An orc comes into view. It is wielding a +0 club.
The jelly closely misses you.
You barely miss the jelly.
The jelly is lightly wounded.
The jelly closely misses you.
An orc priest comes into view. It is wielding a +0 club.
The jelly hits you but does no damage. The jelly closely misses you.
The jelly hits you but does no damage. The jelly barely misses you.
An orc comes into view. It is wielding a +3 short sword.
The jelly hits you but does no damage.
The orc warrior hits you with a +0 scimitar.
The orc warrior hits you with a +0 scimitar.
The orc closely misses you.
The orc warrior hits you with a +0 scimitar!
The orc priest invokes the aid of Beogh against you.
Beogh smites you!
You die...

......## #...........
#####..##
########...........
##..####....##............
##..#....................
##............$.........
#................o......
#.....................>.
##...........oJ...o......
#..........@.o...#.......
#.................##....o
#.................# #....
#....'######........# ##..
#....#... #.......).# #.
#....#....≈#..........#
#.....#....≈#.........##
#.....#≈≈≈≈≈#........
####..######+......#


You could see an orc warrior, a jelly, an orc priest and 2 orcs.

Vanquished Creatures
  A bullfrog (D:6)
  An adder (D:2)
  A dart slug (D:1)
  2 ball pythons
  3 endoplasms
  3 goblins
  4 hobgoblins
  3 jackals (D:1)
  4 kobolds
  2 quokkas (D:2)
  7 bats
  4 frilled lizards
  4 rats
39 creatures vanquished.

Notes
Turn   | Place    | Note
-------+----------+-------------------------------------------
     0 | D:1      | BorisBritva the Gargoyle Monk began the quest for the Orb.
     0 | D:1      | Reached XP level 1. HP: 14/14 MP: 1/1
    53 | D:1      | Reached XP level 2. HP: 16/19 MP: 2/2
   512 | D:1      | Reached skill level 1 in Armour
  1033 | D:2      | Reached XP level 3. HP: 24/24 MP: 3/3
  1343 | D:2      | Found a snail-covered altar of Cheibriados.
  1372 | D:2      | Became a worshipper of Cheibriados the Contemplative
  1372 | D:2      | Reached * piety under Cheibriados
  1372 | D:2      | Reached ** piety under Cheibriados
  1505 | D:2      | Found a faded altar of an unknown god.
  1748 | D:3      | You fall into a shaft and drop 3 floors!
  1790 | D:6      | Noticed a bullfrog
  1796 | D:6      | Killed a bullfrog
  1797 | D:6      | Reached skill level 1 in Invocations
  1797 | D:6      | Reached XP level 4. HP: 29/29 MP: 4/4
  1810 | D:6      | Noticed an orc warrior
  1821 | D:6      | Killed from afar by an orc priest

Illustrated notes

Levels and vault maps discovered:
D:1:      ebering_trefoil_twist, layout_basic, serial_aquarium,
          aquarium_bridge_straight [aquarium_subvault_bridge,
          aquarium_subvault_window, aquarium_subvault_bridge,
          aquarium_subvault_window], aquarium_bridge_long_separate
          [aquarium_subvault_wall, aquarium_subvault_bridge,
          aquarium_subvault_bridge, aquarium_subvault_bridge,
          aquarium_subvault_wall, aquarium_subvault_bridge],
          aquarium_window_fake, aquarium_window_1, aquarium_window_corridor_2,
          aquarium_window_1, aquarium_view_2c, aquarium_view_2d
D:2:      layout_rooms, basic_altar, hellmonk_ecumenical_altar_slurped_away
D:3:      layout_basic, lightli_temple_of_fire,
          mainiacjoe_overflow_large_starburst, serial_shops, shop
D:6:      layout_cave_pods, amcnicky_altar_gilded,
          chequers_serial_rivers_room_a, grunt_decor_one_mirror

Skill      XL: |  1  2  3 |
---------------+----------+-----
Armour         | 1 |  1.9
Fighting       | 4 |  4.0
Maces & Flails | 4 |  4.3
Invocations    | 1 |  1.1
Dodging        | |  2.4
Stealth        | |  2.1

Action                   |  1- 3 |  4- 6 || total
-------------------------+-------+-------++-------
Melee: Mace              |   112 |     2 ||   114
 Stab: Sleeping          |     3 |       ||     3
Armor: Robe              |    31 |       ||    31
       Ring mail         |    22 |     3 ||    25
Dodge: Dodged            |    97 |     5 ||   102

Table legend: (Time is in decaauts)
 A = Elapsed time spent in this place.
 B = Non-inter-level travel time spent in this place.
 C = Inter-level travel time spent in this place.
 D = Time resting spent in this place.
 E = Time spent auto-exploring this place.
 F = Levels seen in this place.
 G = Mean time per level.
                   A        B        C        D        E       F      G
               +--------+--------+--------+--------+--------+-----+--------+
         Total |   2004 |   1864 |    140 |      0 |   1499 |   4 |  501.0 |
       Dungeon |   2004 |   1864 |    140 |      0 |   1499 |   4 |  501.0 |
               +--------+--------+--------+--------+--------+-----+--------+

Top non-repeatable levels by time:
     D:1: 1015 daAuts
     D:2: 784 daAuts
     D:6: 105 daAuts
     D:3: 98 daAuts
